 Dungeon Crawl Stone Soup version 0.18.1-48-g4cf74bf (webtiles) character file.

451 Gottschkopf the Thaumaturge (level 6, -1/32 HPs)
             Began as a Deep Elf Conjurer on July 19, 2016.
             Killed by miscasting Iskenderun's Battlesphere (17 damage)
             ... on level 4 of the Dungeon.
             The game lasted 00:06:50 (3516 turns).

Gottschkopf the Thaumaturge (Deep Elf Conjurer)     Turns: 3516, Time: 00:06:51

Health: -1/32      AC:  6    Str:  5    XL:     6   Next: 75%
Magic:  7/19       EV: 13    Int: 22    God:
Gold:   178        SH:  0    Dex: 15    Spells: 5 memorised, 6 levels left

rFire  . . .     SeeInvis .     p - +0 dagger
rCold  . . .     Gourm    .     a - +0 robe
rNeg   . . .     Faith    .     (no shield)
rPois  .         Spirit   .     q - +0 helmet
rElec  .         Dismiss  .     r - +0 cloak
rCorr  .         Reflect  .     n - +0 pair of gloves
SustAt .         Harm     .     h - +0 pair of boots
MR     .....                    (no amulet)
Stlth  ++........               (no ring)
                                (no ring)

@: very slightly contaminated, not resistant to hostile enchantments, unstealthy
A: no striking features
a: no special abilities


You were on level 4 of the Dungeon.
You were not hungry.

You visited 1 branch of the dungeon, and saw 4 of its levels.

You collected 178 gold pieces.

Inventory:

Hand Weapons
 p - a +0 dagger (weapon)
Armour
 a - a +0 robe (worn)
 h - a +0 pair of boots (worn)
 n - a +0 pair of gloves (worn)
 q - a +0 helmet (worn)
 r - a +0 cloak (worn)
Scrolls
 d - 3 scrolls of identify {unknown}
 f - a scroll of remove curse {unknown}
 g - 2 scrolls of fear {unknown}
 o - 2 scrolls of random uselessness {unknown}
 s - a scroll of noise {unknown}
 u - 2 scrolls of enchant armour {unknown}
Potions
 e - 3 potions of cure mutation {unknown}
 i - a potion of heal wounds {unknown}
 j - a potion of might {unknown}
 l - a potion of lignification {unknown}
 m - a potion of flight {unknown}
 v - a potion of degeneration {unknown}
 w - 2 potions of mutation {unknown}
 z - a potion of beneficial mutation {unknown}
 A - a potion of brilliance {unknown}
Books
 b - a book of Conjurations

   Spells                             Type                      Level
   a - Magic Dart                     Conjuration                  1
   b - Searing Ray                    Conjuration                  2
   c - Dazzling Spray                 Conjuration/Hexes            3
   d - Fulminant Prism                Conjuration/Hexes            4
   e - Iskenderun's Mystic Blast      Conjuration                  4
   f - Iskenderun's Battlesphere      Conjuration/Charms           5
Comestibles
 c - 2 bread rations
 k - a slice of pizza
 t - a meat ration
 x - a beef jerky
 B - 2 chunks of flesh


   Skills:
 - Level 2.4 Dodging
 - Level 2.4 Stealth
 - Level 8.8 Spellcasting
 + Level 4.3 Conjurations
 - Level 4.3 Charms


You had 6 spell levels left.
You knew the following spells:

 Your Spells              Type           Power        Failure   Level  Hunger
a - Magic Dart            Conj           ####         1%          1    None
b - Searing Ray           Conj           ####..       1%          2    None
c - Iskenderun's Mystic   Conj           ####....     12%         4    ##.....
d - Fulminant Prism       Conj/Hex       ###.......   34%         4    ##.....
e - Iskenderun's Battles  Conj/Chrm      ####....     34%         5    #####..


Dungeon Overview and Level Annotations

Branches:
Dungeon (4/15)
 Temple: D:4-7

Altars:
Ashenzari
Ru


Message History

The orb of energy hits the ice beast.
You kill the ice beast!
Your Charms skill gained 2 levels and is now at level 4!
The orb of energy explodes!
You start resting.
An ice beast comes into view.
Casting: Iskenderun's Mystic Blast
Confirm with . or Enter, or press ? or * to list all spells.
Aiming: Searing Ray
Press: ? - help, Shift-Dir - straight line, f - ice beast
Aim: an ice beast
Okay, then.
Casting: Searing Ray
Confirm with . or Enter, or press ? or * to list all spells.
The spell is very dangerous to cast!
Continue anyway?
You miscast Iskenderun's Battlesphere.
You are very lightly contaminated with residual magic.
Energy rips through your body!
Ouch! That really hurt!
You die...

#.##########.#.......#..#
#.# #....._......#
##.######## #.#.......#..#
..........# #.#.......#..#
#.######..###.##..Y..##..#
..# #..##..####.####..#
### #..##......... ...# #
#..##.....###..#..#
########........@........#
......>...###.#########.
#########.# #.# # #.# #.#
##### #.# #.# ....# #.#
#.###### ###.# #.# #.##.>.
###.# #.###.##.# ....#
#........#


You could see an ice beast.

Vanquished Creatures
  The ghost of Gottschkopf the Magician, an amateur DECj (D:3)
  An ice beast (D:4)
  A scorpion (D:4)
  An orc wizard (D:4)
  2 worker ants
  4 adders
  2 oozes
  2 worms
  2 dart slugs
  A giant gecko (D:2)
  8 orcs
  3 ball pythons
  3 giant cockroaches
  6 goblins
  7 hobgoblins
  4 jackals
  A quokka (D:2)
  9 bats
  4 giant newts
  5 kobolds
  10 rats
77 creatures vanquished.

Notes
Turn   | Place    | Note
--------------------------------------------------------------
     0 | D:1      | Gottschkopf the Deep Elf Conjurer began the quest for the Orb.
     0 | D:1      | Reached XP level 1. HP: 10/10 MP: 6/6
   247 | D:1      | Reached XP level 2. HP: 15/15 MP: 6/8
   312 | D:1      | Reached skill level 4 in Spellcasting
   899 | D:2      | Found a sacrificial altar of Ru.
  1044 | D:2      | Reached XP level 3. HP: 19/19 MP: 6/11
  1048 | D:2      | Learned a level 2 spell: Searing Ray
  1108 | D:2      | Reached skill level 5 in Spellcasting
  1818 | D:3      | Reached XP level 4. HP: 24/24 MP: 9/13
  1821 | D:3      | Reached skill level 6 in Spellcasting
  2151 | D:3      | Found a shattered altar of Ashenzari.
  2180 | D:3      | Reached skill level 7 in Spellcasting
  2278 | D:3      | Learned a level 4 spell: Iskenderun's Mystic Blast
  2283 | D:3      | Learned a level 4 spell: Fulminant Prism
  2372 | D:3      | Reached XP level 5. HP: 28/28 MP: 13/16
  2428 | D:3      | Noticed Gottschkopf's ghost (amateur DECj)
  2444 | D:3      | Killed Gottschkopf's ghost
  2444 | D:3      | Reached skill level 8 in Spellcasting
  2761 | D:3      | You fall through a shaft!
  3137 | D:4      | Found a shattered altar of Ashenzari.
  3335 | D:4      | Reached XP level 6. HP: 32/32 MP: 12/19
  3342 | D:4      | Learned a level 5 spell: Iskenderun's Battlesphere
  3410 | D:4      | Reached skill level 1 in Charms
  3497 | D:4      | Noticed an ice beast
  3501 | D:4      | Killed an ice beast
  3516 | D:4      | Noticed an ice beast
  3516 | D:4      | Killed by miscasting Iskenderun's Battlesphere

Skill      XL: |  1  2  3  4  5  6 |
---------------+-------------------+-----
Spellcasting   | 4 5 7 8 |  8.8
Charms         | 4 |  4.3
Dodging        | |  2.4
Stealth        | |  2.4
Conjurations   | |  4.3

Action                   |  1- 3 |  4- 6 || total
-------------------------+-------+-------++-------
 Cast: Magic Dart        |    69 |    69 ||   138
       Searing Ray       |     1 |    10 ||    11
       Iskenderun's Myst |       |     1 ||     1
  Eat: Chunk             |     2 |     6 ||     8
Armor: Robe              |     2 |     8 ||    10
Dodge: Dodged            |     3 |     7 ||    10
